Unix NetHack Version 5.0.0-0 post-release - last build May 23 2026 06:08:33 (1c0ff79ee797540d5714e4e18072db0edd9e58ae,branch:main).

Game began 2026-05-25 20:33:54, ended 2026-05-25 20:44:06.

Jobair, neutral female human Tourist

                                           ---------
                                           |.....<..##              ------
                                           |.......| ##             |....|
                                           |.......|  ###-------####.....|
                                           ........| ####-.....|#   |....|
                                           ----.---- #  #|.....|#  #.....|
                                              ##     #   |.....|####|....|
                                              #    ##### +.....|##  ----.-
                                              #   ####  #--|----##      #
                                             ### #################      #
                                           ---.----#       #  ###       #
                                           |....+.|        #    ##      ##
                                           |......|        #  ######   --|---
                                           |.SdS...      --.--#    ####-....|
                                           |SS@S..|      |..(.#        |....|
                                           --------      |...|         |....|
                                                         |...|         ------
                                                         -|---
                                                          #

Jobair the Sightseer        St:11 Dx:13 Co:13 In:14 Wi:9 Ch:15  Neutral
Dlvl:3  $:830 HP:0(16) Pw:11(11) AC:7  Xp:3 T:966 

Latest messages:
 e - 2 uncursed food rations (4 in total).
 The door resists!
 The door resists!
 The door resists!
 The door opens.
 You see here a blue gem.
 I - a blue gem.
 You swap places with Godzilla.
 There is a doorway here.
 You see here a crude dagger.
 You swap places with Godzilla.
 There is a doorway here.
 You see here a crude dagger.
 t - a crude dagger (2 in total).
 You swap places with Godzilla.
 The door resists!
 The door opens.
 You swap places with Godzilla.
 You swap places with Godzilla.
 You swap places with Godzilla.
 Drink from the fountain? [yn] (n) y
 This tepid water is tasteless.
 Drink from the fountain? [yn] (n) y
 The cool draught refreshes you.
 Drink from the fountain? [yn] (n) y
 This tepid water is tasteless.
 Drink from the fountain? [yn] (n) y
 You spot a gem in the sparkling waters!
 Drink from the fountain? [yn] (n) y
 This tepid water is tasteless.
 Drink from the fountain? [yn] (n) y
 An endless stream of snakes pours forth!
 The fountain dries up!
 Godzilla bites the water moccasin.
 The water moccasin misses Godzilla.
 What do you want to use or apply?
 In what direction? 4
 The water moccasin is blinded by the flash!
 The water moccasin turns to flee.
 Welcome to experience level 3.
 The water moccasin bites!
 The water moccasin bites!
 The water moccasin bites!
 The water moccasin bites!
 You die...
 Do you want your possessions identified? [ynq] (y) y
 Do you want to see your attributes? [ynq] (y) y
 Do you want an account of creatures vanquished? [ynaq] (y) y
 Do you want to see your conduct and achievements? [ynq] (y) y
 Do you want to see the dungeon overview? [ynq] (y) y

Inventory:
 Coins    ('$')
  $ - 830 gold pieces
 Weapons  (')')
  n - 8 +0 arrows
  p - 9 cursed +0 ya
  a - 20 blessed +2 darts (at the ready)
  w - 10 +0 darts
  E - 11 cursed -1 darts
  t - 2 +0 orcish daggers (wielded)
 Armor    ('[')
  u - an uncursed +0 orcish helm (being worn)
  C - an uncursed +0 pair of high boots (being worn)
  k - a blessed +0 Hawaiian shirt with a parrot motif
 Comestibles  ('%')
  d - an uncursed cream pie
  y - 2 cursed cream pies
  e - 4 uncursed food rations
  b - 3 uncursed fortune cookies
  g - an uncursed pear
  f - 3 uncursed tripe rations
  c - 2 uncursed eggs
 Scrolls  ('?')
  z - an uncursed scroll of earth
  j - 4 uncursed scrolls of magic mapping
  v - a cursed scroll of magic mapping
 Spellbooks  ('+')
  D - an uncursed spellbook of remove curse
 Potions  ('!')
  i - 2 uncursed potions of extra healing
  s - an uncursed potion of healing
  B - an uncursed potion of water
 Wands    ('/')
  F - a wand of lightning (0:6)
 Tools    ('(')
  m - an uncursed credit card
  l - an expensive camera (0:49)
 Gems/Stones  ('*')
  G - an uncursed chrysoberyl stone
  I - an uncursed worthless piece of blue glass
  o - 2 cursed worthless pieces of green glass

Jobair the Tourist's attributes:

Background:
 You were a Sightseer, a level 3 female human Tourist.
 You were neutral, on a mission for The Lady
 who was opposed by Blind Io (lawful) and Offler (chaotic).
 You were right-handed.
 You were in the Dungeons of Doom, on level 3.
 You entered the dungeon 966 turns ago.
 You had 58 experience points, 22 more were needed to attain level 4.

Basics:
 You had 0 out of 16 hit points.
 You had all 11 energy points (spell power).
 Your armor class was 7.
 Your wallet contained 830 zorkmids.
 Autopickup was off.

Final Characteristics:
 Your strength was 11 (limit:18/100).
 Your dexterity was 13 (limit:18).
 Your constitution was 13 (limit:18).
 Your intelligence was 14 (limit:18).
 Your wisdom was 9 (limit:18).
 Your charisma was 15 (limit:18).

Final Status:
 You weren't hungry.
 You were unencumbered.
 You were wielding daggers.
 You were unskilled in dagger.

Final Attributes:
 You were fervently aligned.
 You are dead.

Miscellaneous:
 You didn't encounter any bones levels.
 Total elapsed playing time was 10 minutes and 12 seconds.

Major events:
 Turn
    1: Jobair the neutral female human Tourist entered the dungeon
  966: attained the rank of Sightseer (level 3)
  966: killed by a water moccasin

You didn't know any spells.

Skills:
 Fighting Skills
   bare handed combat [Unskilled]
   two weapon combat  [Unskilled]
   riding             [Unskilled]
 Weapon Skills
   dagger             [Unskilled]
   knife              [Unskilled]
   axe                [Unskilled]
   pick-axe           [Unskilled]
   short sword        [Unskilled]
   broadsword         [Unskilled]
   long sword         [Unskilled]
   two-handed sword   [Unskilled]
   saber              [Unskilled]
   mace               [Unskilled]
   morning star       [Unskilled]
   flail              [Unskilled]
   hammer             [Unskilled]
   quarterstaff       [Unskilled]
   polearms           [Unskilled]
   spear              [Unskilled]
   trident            [Unskilled]
   lance              [Unskilled]
   bow                [Unskilled]
   sling              [Unskilled]
   crossbow           [Unskilled]
   dart               [Basic]
   shuriken           [Unskilled]
   boomerang          [Unskilled]
   whip               [Unskilled]
   unicorn horn       [Unskilled]
 Spellcasting Skills
   divination spells  [Unskilled]
   enchantment spells [Unskilled]
   escape spells      [Unskilled]

Voluntary challenges:
 Character rerolling was not enabled.
 You were an atheist.
 You were illiterate.
 You never genocided any monsters.
 You never polymorphed an object.
 You never changed form.
 You used no wishes.
Achievements:
 You entered a shop.
 You attained the rank of Sightseer.

 The Dungeons of Doom: levels 1 to 3
    Level 1:
    Level 2:
       A general store, a grave.
    Level 3: <- You were here.
       Final resting place for
          you, killed by a water moccasin.


Vanquished creatures:
  a yellow mold
  a red mold
  a jackal
  a fox
  a kobold
  4 goblins
  2 sewer rats
  a kobold zombie
  3 newts
15 creatures vanquished.

No species were genocided or became extinct.

Game over:
                       ----------
                      /          \
                     /    REST    \
                    /      IN      \
                   /     PEACE      \
                  /                  \
                  |      Jobair      |
                  |      830 Au      |
                  |   killed by a    |
                  |  water moccasin  |
                  |                  |
                  |                  |
                  |       2026       |
                 *|     *  *  *      | *
        _________)/\\_//(\/(/\)/\//\/|_)_______

Aloha Jobair the Tourist...

You died in The Dungeons of Doom on dungeon level 3 with 521 points,
and 830 pieces of gold, after 966 moves.
You were level 3 with a maximum of 16 hit points when you died.

